 Dungeon Crawl Stone Soup version 0.25-a0-1119-g28b6fd0c3b (webtiles) character file.

Game seed: 9426937634509906343, levelgen mode: deterministic

1169 MisterFreud the Nimble (level 8, -9/54 HPs)
             Began as an Octopode Gladiator on May 18, 2020.
             Was an Initiate of Cheibriados.
             Mangled by a yak (15 damage)
             ... on level 5 of the Dungeon.
             The game lasted 00:05:47 (4882 turns).

MisterFreud the Nimble (Octopode Gladiator)         Turns: 4882, Time: 00:05:48

Health: -9/54      AC:  6    Str: 14    XL:     8   Next: 40%
Magic:  8/8        EV: 18    Int: 14    God:    Cheibriados [......]
Gold:   166        SH:  0    Dex: 14    Spells: 7/7 levels left

rFire    . . .     SeeInvis .   a - +0 long sword
rCold    . . .     Gourm    .   (no shield)
rNeg     . . .     Faith    .   b - +1 hat
rPois    .         Spirit   .   (no amulet)
rElec    .         Reflect  .   y - +4 ring of protection
rCorr    .         Harm     .   (no ring)
MR       .....                  (no ring)
Stlth    ++........             (no ring)
HPRegen  0.18/turn              (no ring)
MPRegen  0.11/turn              (no ring)
                                (no ring)
                                (no ring)

@: mighty, stab, flying, very slow
A: almost no armour, stealthy swim, amphibious, 8 rings, constrict 8, camouflage
1, gelatinous body 1
a: Bend Time, Renounce Religion


You were on level 5 of the Dungeon.
You worshipped Cheibriados.
Cheibriados was noncommittal.
You were not hungry.

You visited 2 branches of the dungeon, and saw 6 of its levels.
You also visited: Sewer.

You collected 166 gold pieces.

Inventory:

Hand Weapons
 a - a +0 long sword (weapon)
Missiles
 c - 3 throwing nets (quivered)
 m - 83 stones
 n - 44 sling bullets
 o - 46 bolts
Armour
 b - a +1 hat (worn)
Jewellery
 y - a +4 ring of protection (left tentacle)
Scrolls
 e - 4 scrolls of remove curse
 g - 3 scrolls of enchant armour
 j - a scroll of blinking
 k - a scroll of fog
 r - a scroll of random uselessness {unknown}
 v - a scroll of fear {unknown}
Potions
 f - a potion of might
 h - a potion of curing {unknown}
 i - a potion of flight
 l - a potion of lignification {unknown}
 p - 2 potions of stabbing
 q - a potion of brilliance {unknown}
 s - 2 potions of invisibility
 t - a potion of haste {unknown}
 u - 2 potions of heal wounds {unknown}
 w - a potion of resistance {unknown}
 x - a potion of berserk rage {unknown}
 z - 2 potions of mutation {unknown}
Comestibles
 d - 11 rations
 A - 7 chunks of flesh


   Skills:
 + Level 4.0 Fighting
 + Level 6.0 Long Blades
 - Level 2.0 Throwing
 - Level 8.0 Dodging


You had 7 spell levels left.
You didn't know any spells.
Your spell library was empty.

Dungeon Overview and Level Annotations

Branches:
Dungeon (5/15)             Temple (1/1) D:4           Sewer (visited)

Altars:
Cheibriados
Dithmenos
Makhleb
Okawaru
Ru
Zin
The Shining One
Lugonu

Annotations:
D:3 1 runed translucent door, HYPERHYPER's ghost, amateur GrFi


Innate Abilities, Weirdness & Mutations

You cannot wear most types of armour.
You are very stealthy in the water. (Stealth+)
You are amphibious.
You can wear up to eight rings at the same time.
You can use your tentacles to constrict eight enemies at once.
Your skin changes colour to match your surroundings (Stealth+).
Your rubbery body absorbs attacks. (AC +1, EV +1)


Message History

You completely miss the yak. Your squeeze misses the yak.
The yak is moderately wounded.
The yak barely misses you.
You barely miss the yak.
The yak is moderately wounded.
The yak completely misses you.
You slash the yak!
The yak is heavily wounded.
The yak closely misses you.
You slash the yak!
The yak is severely wounded.
The yak gores you!
* * * LOW HITPOINT WARNING * * *
You hit the yak.
The yak is almost dead.
The yak barely misses you.
You barely miss the yak.
The yak is almost dead.
The yak gores you!
You die...

*,* **+** *,,,,,,,* *#.. *,* *,*
****,#.l* #.. *,* *,*
*,...*#####.# *,* **,**
**#.#*#.÷.... *,* **,,,*###* #.#
#.###.# **,* *,,,,,,..* #.# #.#
#.# ,,,* *,,,,**#.* #.# #.# #.#
********,*,####.#######.###.# #..
,,,,,,,,,,,#....@Yl†........#####
********,,*#.##.#####.'##'.......
*,*****#.* #..#≈÷#..#####
*,*≈_**#.* #.##≈≈##.#
********,**,*,..* #.#≈≈≈≈#.#
*,,,,,,,,,+,**##* #.#≈≈≈≈#.#
*,******,**,* *#.##≈≈##.#*
,,******,*≈_* *..,#≈≈#...*
,,,,,,**,**** *,,##''##..*


You could see a yak and a leopard gecko.

Vanquished Creatures
  Sigmund (D:2)
  3 yaks (D:5)
  Purgy (Sewer)
  A scorpion (D:4)
  A howler monkey (Temple)
  2 bullfrog zombies (D:5)
  2 hounds (D:5)
  2 orc priests
  Jessica (D:2)
  An iguana (D:4)
  4 adders
  A river rat (D:5)
  5 worms
  4 dart slugs
  3 leopard geckos
  14 orcs
  7 bats
  7 giant cockroaches
  4 goblins
  5 hobgoblins
  3 jackals (D:2)
  15 frilled lizards
  8 kobolds
  10 rats
105 creatures vanquished.

Notes
Turn   | Place    | Note
-------+----------+-------------------------------------------
     0 | D:1      | MisterFreud the Octopode Gladiator began the quest for the
                  | Orb.
     0 | D:1      | Reached XP level 1. HP: 14/14 MP: 1/1
   190 | D:1      | Reached XP level 2. HP: 9/20 MP: 2/2
   885 | D:1      | Reached XP level 3. HP: 26/26 MP: 3/3
  1211 | D:2      | Noticed Jessica
  1213 | D:2      | Killed Jessica
  1213 | D:2      | Reached XP level 4. HP: 33/33 MP: 4/4
  1361 | D:2      | Noticed Sigmund
  1369 | D:2      | Killed Sigmund
  1369 | D:2      | Reached skill level 5 in Long Blades
  1369 | D:2      | Reached XP level 5. HP: 27/37 MP: 5/5
  1369 | D:2      | Reached XP level 6. HP: 31/43 MP: 6/6
  2271 | D:3      | Found a runed translucent door.
  3192 | D:3      | Noticed HYPERHYPER's ghost (amateur GrFi)
  3341 | D:4      | Reached skill level 4 in Dodging
  3662 | D:4      | Reached XP level 7. HP: 42/48 MP: 7/7
  3952 | D:4      | Found a staircase to the Ecumenical Temple.
  3983 | Temple   | Entered the Ecumenical Temple
  4210 | Temple   | Became a worshipper of Cheibriados the Contemplative
  4238 | D:5      | Entered Level 5 of the Dungeon
  4500 | D:5      | Found a burning altar of Makhleb.
  4506 | D:5      | Reached skill level 5 in Dodging
  4539 | D:5      | Noticed a yak
  4544 | D:5      | Found a glowing drain.
  4559 | Sewer    | Entered a sewer
  4757 | Sewer    | Noticed Purgy
  4765 | Sewer    | Killed Purgy
  4765 | Sewer    | Reached skill level 6 in Dodging
  4829 | D:5      | Noticed a yak
  4830 | D:5      | Noticed a yak
  4847 | D:5      | Noticed a yak
  4851 | D:5      | Killed a yak
  4851 | D:5      | Reached XP level 8. HP: 47/54 MP: 8/8
  4858 | D:5      | Killed a yak
  4858 | D:5      | Reached skill level 7 in Dodging
  4875 | D:5      | Killed a yak
  4875 | D:5      | Reached skill level 8 in Dodging
  4882 | D:5      | Mangled by a yak

Illustrated notes

Levels and vault maps discovered:
D:1:      minmay_arrival_five_plusses, layout_loops_ring
D:2:      layout_loops_ring, uniq_sigmund, uniq_jessica
D:3:      layout_basic, ebering_ghost_reflecting_pool, minivault_26,
          minmay_lizard_king
D:4:      layout_basic, regret_index_temple_of_mockery,
          minmay_temple_entry_waves, first_ration, minmay_misc_feat_chi
D:5:      layout_loops_corners, gammafunk_temple_overflow_elements,
          lemuel_round_altar, gup_sewer_entry_bowl
Temple:   corrupted_temple

Skill      XL: |  1  2  3  4  5  6  7  8 |
---------------+-------------------------+-----
Fighting       | 3 4 |  4.0
Long Blades    | 5 6 |  6.0
Dodging        | 4 6 8 |  8.0
Throwing       | |  2.0

Action                   |  1- 3 |  4- 6 |  7- 9 || total
-------------------------+-------+-------+-------++-------
Melee: Long sword        |    40 |   108 |    85 ||   233
       Constrict         |    13 |    37 |    16 ||    66
       Tentacles         |     5 |    20 |    26 ||    51
  Use: Potion            |       |     1 |     3 ||     4
       Scroll            |       |       |     5 ||     5
 Stab: Sleeping          |    10 |     5 |     7 ||    22
       Distracted        |     1 |     2 |       ||     3
  Eat: Chunk             |     1 |     6 |     2 ||     9
       Ration            |       |       |     1 ||     1
Armor: Skin              |     3 |     7 |     9 ||    19
Dodge: Dodged            |    20 |    86 |    63 ||   169
       Rpst.: Long sword |     7 |    22 |    16 ||    45

Table legend:
 A = Non-vault XP
 B = Vault XP
 C = Vault XP percentage of total XP
 D = Non-vault monster count
 E = Vault monster count
 F = Vault count percentage of total count
                 A         B        C        D         E       F
            +---------+---------+-------+---------+---------+-------
      Total |    1230 |     441 |  26.4 |      83 |      22 |  21.0
            +---------+---------+-------+---------+---------+-------
        D:1 |      34 |       0 |   0.0 |      17 |       0 |   0.0
        D:2 |      83 |     268 |  76.4 |      24 |       2 |   7.7
        D:3 |     101 |      13 |  11.4 |      24 |      11 |  31.4
        D:4 |     162 |       0 |   0.0 |       8 |       0 |   0.0
        D:5 |     796 |      19 |   2.3 |       9 |       3 |  25.0
     Temple |      54 |       0 |   0.0 |       1 |       0 |   0.0
      Sewer |       0 |     141 | 100.0 |       0 |       6 | 100.0
            +---------+---------+-------+---------+---------+-------
